 Dungeon Crawl Stone Soup version 0.20.1-1-g8b1a95d (webtiles) character file.

46 grizmgrazm2 the Vexing (level 3, -2/24 HPs)
             Began as a Vampire Enchanter on Oct 7, 2017.
             Slain by a wight
             ... wielding a +1 halberd
              (9 damage)
             ... on level 2 of the Dungeon.
             The game lasted 00:04:00 (2437 turns).

grizmgrazm2 the Vexing (Vampire Enchanter)          Turns: 2437, Time: 00:04:01

Health: -2/24      AC:  3    Str:  7    XL:     3   Next: 46%
Magic:  0/6        EV: 13    Int: 18    God:
Gold:   75         SH:  0    Dex: 14    Spells: 0/6 levels left

rFire    . . .     SeeInvis +   a - +1 dagger
rCold    + + .     Gourm    .   (no shield)
rNeg     + + +     Faith    .   b - +0 robe
rPois    ∞         Spirit   .   (no helmet)
rElec    .         Reflect  .   (no cloak)
rCorr    .         Harm     .   i - +0 pair of gloves
MR       .....                  (no boots)
Stlth    +++++.....             (no amulet)
Regen    0.0/turn               (no ring)
MPRegen  0.1/turn               (no ring)

@: bloodless, non-regenerating
A: fangs 3, see invisible, unbreathing
a: Bat Form


You were on level 2 of the Dungeon.
You were bloodless.

You visited 1 branch of the dungeon, and saw 2 of its levels.

You collected 75 gold pieces.

Inventory:

Hand Weapons
 a - a +1 dagger (weapon)
Armour
 b - a +0 robe (worn)
 i - a +0 pair of gloves (worn)
Jewellery
 l - a cursed -4 ring of intelligence {unknown}
Scrolls
 e - a scroll of blinking {unknown}
 f - a scroll of enchant weapon {unknown}
 k - 2 scrolls of identify {unknown}
Potions
 d - 5 potions of blood
 g - 2 potions of heal wounds
 h - a potion of invisibility {unknown}
 j - a potion of berserk rage {unknown}
Books
 c - a book of Maledictions

   Spells                             Type                      Level
   a - Corona                         Hexes                        1
   b - Ensorcelled Hibernation        Hexes/Ice                    2
   c - Confuse                        Hexes                        3
   d - Tukima's Dance                 Hexes                        3
   e - Dazzling Spray                 Conjuration/Hexes            3


   Skills:
 + Level 0.1 Fighting
 + Level 1.3 Short Blades
 + Level 2.5 Dodging
 + Level 5.1 Stealth
 + Level 2.3 Spellcasting
 + Level 5.1 Hexes
 + Level 0.4 Ice Magic


You couldn't memorise any spells.
You knew the following spells:

 Your Spells              Type           Power        Failure   Level  Hunger
a - Ensorcelled Hibernat  Hex/Ice        ##....       9%          2    ##.....
b - Confuse               Hex            ###.....     6%          3    ###....
c - Corona                Hex            ###....      1%          1    #......


Dungeon Overview and Level Annotations

Branches:
Dungeon (2/15)

Altars:


Innate Abilities, Weirdness & Mutations

You do not heal naturally.
You are immune to poison.
You have razor-sharp teeth.
You have supernaturally acute eyesight. (SInv)
You can survive without breathing.


Message History

The wight throws a stone.
The stone hits you.
You see here a stone.
Casting: Confuse
Confirm with . or Enter, or press ? or * to list all spells.
You don't know that spell.
Casting: Confuse
Confirm with . or Enter, or press ? or * to list all spells.
Aiming: Confuse
Press: ? - help, Shift-Dir - straight line, f/p - wight
Aim: a wight, wielding an enchanted halberd and wearing a robe (severely damaged, chance to defeat MR: 50%)
The wight resists with some effort.
The wight throws a stone.
The stone closely misses you.
The wight throws a stone.
The stone barely misses you.
You see here a robe.
The wight hits you from afar with an enchanted halberd.
The wight hits you from afar with an enchanted halberd!
* * * LOW HITPOINT WARNING * * *
You see here a stone.
The wight hits you with an enchanted halberd!
You die...

### #.[ ### ..# #..
..# # #.# #.###.# #
#.# #.#...##### #
#.###.#.#.....####
#.##..>...........
#.##....#.......#
#z##..........#.##
#.###@(..#............
#....((.[((.#.#.#.####
#########.###.#...##..
.......###.##.#
#........ #.##.#
#......## #.##.#
#........ #.##.#
####...####.##.. ....
#..#..


You could see a wight.

Vanquished Creatures
  An adder (D:2)
  A worm (D:2)
  2 dart slugs
  3 giant cockroaches
  3 goblins
  2 hobgoblins
  3 jackals (D:1)
  4 kobolds
  A quokka (D:2)
  A bat (D:1)
  2 frilled lizards
  7 rats (D:1)
30 creatures vanquished.

Notes
Turn   | Place    | Note
-------+----------+-------------------------------------------
     0 | D:1      | grizmgrazm2 the Vampire Enchanter began the quest for the Orb.
     0 | D:1      | Reached XP level 1. HP: 13/13 MP: 3/3
   430 | D:1      | Reached XP level 2. HP: 6/19 MP: 0/5
   434 | D:1      | Learned a level 2 spell: Ensorcelled Hibernation
  1596 | D:2      | Reached skill level 5 in Hexes
  1863 | D:2      | Reached skill level 5 in Stealth
  1863 | D:2      | Reached XP level 3. HP: 17/24 MP: 0/6
  1887 | D:2      | Learned a level 3 spell: Confuse
  2437 | D:2      | Slain by a wight

Skill      XL: |  1  2 |
---------------+-------+-----
Hexes          | 5 |  5.1
Stealth        | 5 |  5.1
Fighting       | |  0.1
Short Blades   | |  1.3
Dodging        | |  2.5
Spellcasting   | |  2.3
Ice Magic      | |  0.4

Action                   || total
-------------------------++-------
Melee: Dagger            ||   107
       Bite              ||     7
 Cast: Corona            ||     9
       Ensorcelled Hiber ||    17
       Confuse           ||     4
  Use: Potion            ||     2
 Stab: Sleeping          ||    22
       Confused          ||     1
Armor: Robe              ||    18
Dodge: Dodged            ||    69
